 Dungeon Crawl Stone Soup version 0.31-a0-924-ge39a22a033 (webtiles) character file.

Game seed: 11546940239567756851

9174 Malachi the Skirmisher (level 11, -5/83 HPs)
             Began as a Demonspawn Gladiator on Oct 18, 2023.
             Was a High Priest of Trog.
             Shot with an arrow by a centaur (9 damage)
             ... on level 10 of the Dungeon.
             The game lasted 00:13:42 (7186 turns).

Malachi the Skirmisher (Demonspawn Gladiator)       Turns: 7186, Time: 00:13:43

Health: -5/83      AC:  5    Str: 16    XL:     11   Next: 19%
Magic:  4/11       EV: 18    Int:  9    God:    Trog [*****.]
Gold:   410        SH:  0    Dex: 21    Spells: 10/10 levels left

rFire   . . .        a - +0 long sword
rCold   . . .        (no shield)
rNeg    . . .        v - +1 robe "Xichoed" {Regen+ Dex+3}
rPois   .            c - +1 helmet
rElec   .            (no cloak)
rCorr   .            (no gloves)
SInv    .            (no boots)
Will    .....        m - amulet of reflection
Stlth   +            p - +5 ring of evasion
HPRegen 1.13/turn    G - +4 ring of slaying
MPRegen 0.12/turn

%: reflection
@: confused
A: hooves 1, large bone plates 1, demonic guardian 2, powered by death 2
a: Renounce Religion, Berserk, Trog's Hand, Brothers in Arms


You were on level 10 of the Dungeon.
You worshipped Trog.
Trog was extremely pleased with you.
You visited 1 branch of the dungeon, and saw 10 of its levels.

You collected 410 gold pieces.

Inventory:

Hand Weapons
 a - a +0 long sword (weapon)
 D - a +3 antimagic arbalest
 E - a +0 orcbow
Missiles
 d - 3 throwing nets (quivered)
 e - a javelin
 r - 3 darts of dispersal
 H - a curare-tipped dart
 I - 3 poisoned darts
Armour
 c - a +1 helmet (worn)
 s - a +0 buckler
 v - the +1 robe "Xichoed" (worn) {Regen+ Dex+3}
   (You took it off a goblin on level 3 of the Dungeon)

   Dex+3:     It affects your dexterity (+3).
   Regen+:    It increases your rate of health regeneration.
Jewellery
 b - a ring of protection from cold
 m - an amulet of reflection (around neck)
 p - a +5 ring of evasion (left hand)
 G - a +4 ring of slaying (right hand)
 O - a ring of resist corrosion
Wands
 f - a wand of flame (12)
 x - a wand of roots (24)
 F - a wand of polymorph (21)
 K - a wand of acid (15)
 L - a wand of digging (4)
Scrolls
 h - 3 scrolls of immolation
 i - 2 scrolls of fear
 j - a scroll of blinking
 l - 3 scrolls of fog
 q - 2 scrolls of teleportation
 y - 5 scrolls of enchant armour
Potions
 g - a potion of enlightenment
 k - a potion of degeneration
 n - a potion of attraction
 o - 5 potions of curing
 t - 2 potions of might
 z - a potion of invisibility {unknown}
 A - 2 potions of heal wounds {unknown}
 B - a potion of berserk rage {unknown}
 C - a potion of resistance {unknown}
 J - a potion of cancellation {unknown}
 M - 4 potions of haste {unknown}


   Skills:
 + Level 6.4 Fighting
 - Level 10.0 Long Blades
 + Level 11.6 Ranged Weapons
 - Level 1.8 Throwing
 - Level 2.7 Dodging
 - Level 5.0 Shields


You had 10 spell levels left.
You didn't know any spells.
Your spell library contained the following spells:

 Spells                   Type           Power      Damage    Failure   Level
 Summon Small Mammal      Summ           0%         N/A       38%         1
 Poisonous Vapours        Pois/Air       0%         N/A       52%         2
 Call Canine Familiar     Summ           0%         N/A       77%         3
 Mephitic Cloud           Conj/Pois/Air  0%         N/A       77%         3
 Summon Guardian Golem    Hex/Summ       0%         N/A       77%         3
 Freezing Cloud           Conj/Ice/Air   0%         6-21      100%        5


Dungeon Overview and Level Annotations

Branches:
Dungeon (10/15)            Temple (0/1) D:5
   Lair: D:8-11         Orc: D:9-12

Altars:
Trog

Shops:
D:10 =


Innate Abilities, Weirdness & Mutations

You have large cloven feet.
You are partially covered in large bone plates. (SH +4)
A demonic guardian rushes to your aid.
You regenerate health from kills.


Message History

The arrow barely misses you.
You hit something but do no damage.
The centaur shoots an arrow.
Something draws life force from you!
The centaur shoots an arrow.
The arrow closely misses you.
You hit something but do no damage. Your kick misses something.
You hear some strange, mumbled words.
Something tries to affect you, but you resist.
You hit something but do no damage.
The centaur shoots an arrow.
The arrow hits you! Something closely misses you. Something bites you.
Something draws strength from your injuries!
Unknown command.
The centaur shoots an arrow.
You block the arrow with an invisible shield... and reflect it back!
The arrow hits the centaur!
You hear some strange, mumbled words.
You are confused.
The centaur shoots an arrow.
The arrow misses you.
You're too confused to move!
The centaur shoots an arrow.
The arrow barely misses you.
You hear some strange, mumbled words.
Something tries to affect you, but you resist.
There is an open door here.
You hear the creaking of a very distant portcullis.
Something hits you but does no damage. Something bites you!
Something draws strength from your injuries!
Something hits you. Something bites you!
* * * LOW HITPOINT WARNING * * *
Something draws strength from your injuries!
There is an open door, spattered with blood here.
You bump into the rock wall.
Something hits you!
* * * LOW HITPOINT WARNING * * *
A demonic guardian appears!
Something bites you!
* * * LOW HITPOINT WARNING * * *
Something draws strength from your injuries!
The troll barely misses your ice devil.
The troll claws your ice devil but does no damage.
The troll closely misses your ice devil.
Something hits you but does no damage. Something bites you but does no damage.
The centaur shoots an arrow.
The arrow hits you!
You die...

#....# ##)(..# #..#
##....# #..#
###...# #..#
#...### #..#
####......#.# #..#
#..########c## ####
#..# #..#
#.T.####≈≈######..#
#..#
#..4'@.>..∩..'....#
#..#
#..#############..#
#..# #..# #..# #..#
#..# #..# #..# #..#
#..# #!.# #..# #..#
#..# #..# #..# #..#
#..# #..# #..# #..#
#..# #..# #..# #..#
#..# #..# #..# #..#


You could see a troll (ally target), a centaur and a friendly ice devil
(summoned).

Vanquished Creatures
  A boulder beetle (D:10)
  2 two-headed ogres
  Joseph (D:7)
  A kobold demonologist (D:9)
  A hornet (D:9)
  A shadow (D:9)
  3 yaks (D:8)
  A wyvern (D:7)
  A wraith (D:10)
  A steam dragon (D:8)
  A vampire mosquito (D:10)
  An acid dragon (D:7)
  2 ice beasts
  2 sky beasts
  An orc warrior (D:6)
  An ogre (D:5)
  8 centaurs
  2 scorpions
  5 bullfrogs
  3 gnoll sergeants
  A howler monkey (D:9)
  A jelly (D:6)
  2 orc priests (D:6)
  3 hounds
  A gnoll bouda (D:7)
  A sleepcap (D:5)
  An orc wizard (D:7)
  4 iguanas
  Robin (D:2)
  25 gnolls
  9 adders
  A shadow imp (D:6)
  2 worms
  5 dart slugs
  15 orcs
  8 ball pythons
  6 bats
  5 endoplasms
  3 giant cockroaches
  15 goblins
  9 hobgoblins
  5 quokkas
  A frilled lizard (D:1)
  9 kobolds
  7 rats
179 creatures vanquished.

Vanquished Creatures (collateral kills)
  A water moccasin (D:6)
1 creature vanquished.

Vanquished Creatures (others)
  An unseen horror (D:10)
  A kobold brigand (D:7)
  A kobold (D:7)
3 creatures vanquished.

Grand Total: 183 creatures vanquished

Notes
Turn   | Place    | Note
-------+----------+-------------------------------------------
     0 | D:1      | Malachi the Demonspawn Gladiator began the quest for the
                  | Orb.
     0 | D:1      | Reached XP level 1. HP: 16/16 MP: 1/1
   299 | D:1      | Gained mutation: A weak demonic guardian rushes to your
                  | aid. [demonic ancestry]
   299 | D:1      | Reached XP level 2. HP: 22/22 MP: 2/2
   668 | D:1      | Found a faded altar of an unknown god.
   714 | D:1      | Prayed at the altar of an unknown god.
   714 | D:1      | Became a worshipper of Trog the Wrathful
   714 | D:1      | Reached * piety under Trog
  1038 | D:2      | Noticed Robin
  1050 | D:2      | Reached XP level 3. HP: 23/28 MP: 3/3
  1282 | D:2      | Killed Robin
  1466 | D:2      | Gained mutation: You are partially covered in large bone
                  | plates. (SH +4) [demonic ancestry]
  1466 | D:2      | Reached XP level 4. HP: 35/35 MP: 4/4
  1618 | D:2      | Reached ** piety under Trog
  1983 | D:3      | Reached skill level 1 in Shields
  2178 | D:3      | Gained mutation: A demonic guardian rushes to your aid.
                  | [demonic ancestry]
  2178 | D:3      | Reached XP level 5. HP: 38/41 MP: 5/5
  2596 | D:3      | Identified the +1 robe "Xichoed" {Regen+ Dex+3}
  3320 | D:5      | Entered Level 5 of the Dungeon
  3343 | D:5      | Found a staircase to the Ecumenical Temple.
  3451 | D:5      | Gained mutation: You regenerate a little health from kills.
                  | [demonic ancestry]
  3451 | D:5      | Reached XP level 6. HP: 45/47 MP: 6/6
  3517 | D:5      | Noticed an ice beast
  3544 | D:5      | Killed an ice beast
  3544 | D:5      | Reached *** piety under Trog
  3545 | D:5      | Reached skill level 5 in Long Blades
  3777 | D:5      | Gained mutation: You regenerate health from kills. [demonic
                  | ancestry]
  3777 | D:5      | Reached XP level 7. HP: 52/52 MP: 7/7
  4237 | D:6      | Reached skill level 5 in Shields
  4237 | D:6      | Reached XP level 8. HP: 33/58 MP: 8/8
  5239 | D:7      | Noticed Joseph
  5359 | D:7      | Killed Joseph
  5360 | D:7      | Reached XP level 9. HP: 39/64 MP: 3/9
  5506 | D:7      | Reached **** piety under Trog
  5577 | D:7      | Reached skill level 1 in Ranged Weapons
  5594 | D:7      | Reached skill level 10 in Long Blades
  5622 | D:7      | Reached skill level 2 in Ranged Weapons
  5905 | D:7      | Reached skill level 10 in Ranged Weapons
  5905 | D:7      | Reached XP level 10. HP: 70/70 MP: 3/10
  6519 | D:9      | Noticed a two-headed ogre
  6523 | D:9      | Killed a two-headed ogre
  6524 | D:9      | Reached skill level 11 in Ranged Weapons
  6645 | D:9      | Reached skill level 5 in Fighting
  6839 | D:10     | Identified the "Fiahuvas"
  6839 | D:10     | Entered Level 10 of the Dungeon
  6839 | D:10     | Noticed a boulder beetle
  6851 | D:10     | Killed a boulder beetle
  6852 | D:10     | Gained mutation: You have large cloven feet. [demonic
                  | ancestry]
  6852 | D:10     | Reached XP level 11. HP: 26/81 MP: 3/11
  7004 | D:10     | Noticed a two-headed ogre
  7008 | D:10     | Killed a two-headed ogre
  7139 | D:10     | Found Binus's Jewellery Boutique.
  7157 | D:10     | Reached ***** piety under Trog
  7185 | D:10     | HP: 3/83 [something (7)]
  7186 | D:10     | Shot with an arrow by a centaur

Illustrated notes

Levels and vault maps discovered:
D:1:      erik_arrival_triangle_medium, layout_loops_ring,
          shapermc_ecumenical_altar_mp_vishouse, grunt_decor_clamped
D:2:      layout_loops_ring, uniq_robin
D:3:      minmay_wonky_spiral, layout_basic
D:4:      layout_rooms
D:5:      layout_loops_ring, minmay_temple_entry_offerings, minmay_circle_x
D:6:      layout_basic, chequers_serial_rivers_marsh, corner_web_ring,
          kennysheep_small_circle
D:7:      layout_basic, hex_medium, uniq_joseph
D:8:      layout_basic, lemuel_tele_altar
D:9:      layout_rooms
D:10:     layout_long_grid, nicolae_uskayaw_dance_hall, serial_shops,
          nicolae_shop_hallway_stairs, enter_bailey_3, chequers_avenue,
          nzn_random_ring

Skill      XL: |  1  2  3  4  5  6  7  8  9 10 11 |
---------------+----------------------------------+-----
Long Blades    | 3 4 5 6 9 10 | 10.0
Fighting       | 3 5 6 |  6.4
Shields        | 1 2 3 5 |  5.0
Ranged Weapons | 10 11 | 11.6
Throwing       | |  1.8
Dodging        | |  2.7

Action                     |  1- 3 |  4- 6 |  7- 9 | 10-12 || total
---------------------------+-------+-------+-------+-------++-------
  Melee: Long sword        |   105 |   194 |   219 |     9 ||   527
         Punch             |     1 |     1 |       |       ||     2
         Kick              |       |       |       |     2 ||     2
   Fire: Arbalest          |       |       |    65 |   119 ||   184
    Use: Scroll            |       |     6 |     8 |     7 ||    21
         Potion            |       |       |     1 |     1 ||     2
   Stab: Sleeping          |     1 |     3 |       |       ||     4
 Armour: Leather armour    |    56 |    24 |       |       ||    80
         Robe              |       |    13 |    76 |    47 ||   136
         Skin              |       |       |       |     1 ||     1
  Dodge: Dodged            |    72 |   102 |   148 |    42 ||   364
  Block: Other             |     2 |    28 |    34 |    23 ||    87
         Buckler           |       |   101 |   145 |       ||   246
         Reflection        |       |     2 |     9 |     2 ||    13

Table legend: (Time is in decaauts)
 A = Elapsed time spent in this place.
 B = Non-inter-level travel time spent in this place.
 C = Inter-level travel time spent in this place.
 D = Time resting spent in this place.
 E = Time spent auto-exploring this place.
 F = Levels seen in this place.
 G = Mean time per level.
                   A        B        C        D        E       F      G
               +--------+--------+--------+--------+--------+-----+--------+
         Total |   7376 |   6997 |    379 |    879 |   4360 |  10 |  737.6 |
       Dungeon |   7376 |   6997 |    379 |    879 |   4360 |  10 |  737.6 |
               +--------+--------+--------+--------+--------+-----+--------+

Top non-repeatable levels by time:
     D:6: 1292 daAuts
     D:1: 1215 daAuts
     D:3: 1108 daAuts
     D:2: 732 daAuts
     D:7: 719 daAuts
     D:5: 715 daAuts
     D:8: 514 daAuts
     D:9: 400 daAuts
    D:10: 356 daAuts
     D:4: 320 daAuts
